 Dungeon Crawl Stone Soup version 0.23-a0-241-g3b46b07 (webtiles) character file.

67 Gildeon the Shield-Bearer (level 3, -3/31 HPs)
             Began as a Demigod Fighter on Sept 27, 2018.
             Killed by divine providence
             ... invoked by an orc priest
              (13 damage)
             ... on level 3 of the Dungeon.
             The game lasted 00:03:51 (1473 turns).

Gildeon the Shield-Bearer (Demigod Fighter)         Turns: 1473, Time: 00:03:52

Health: -3/31      AC: 10    Str: 19 (21) XL:     3   Next: 70%
Magic:  5/5        EV:  5    Int:  9 (12) God:
Gold:   47         SH: 10    Dex: 12 (15) Spells: 2/2 levels left

rFire    x . .     SeeInvis .   a - +0 long sword
rCold    + . .     Gourm    .   c - +1 shield
rNeg     . . .     Faith    .   n - +0 chain mail (curse)
rPois    .         Spirit   .   g - +0 helmet
rElec    .         Reflect  .   (no cloak)
rCorr    .         Harm     .   (no gloves)
MR       .....                  (no boots)
Stlth    ..........             (no amulet)
HPRegen  0.10/turn              l - ring of ice
MPRegen  0.09/turn              (no ring)

@: flying
A: high mp 1
a: no special abilities


You were on level 3 of the Dungeon.
You were hungry.

You visited 1 branch of the dungeon, and saw 3 of its levels.

You collected 47 gold pieces.

Inventory:

Hand Weapons
 a - a +0 long sword (weapon)
Armour
 c - a +1 shield (worn)
 g - a +0 helmet (worn)
 n - a cursed +0 chain mail (worn)
Jewellery
 l - a ring of ice (left hand)
Scrolls
 b - 3 scrolls of remove curse {unknown}
 i - a scroll of identify {unknown}
 k - a scroll of teleportation
Potions
 d - a potion of might
 h - a potion of flight
 j - a potion of degeneration
Comestibles
 f - 2 rations


   Skills:
 + Level 3.1 Fighting
 + Level 2.3 Long Blades
 + Level 3.1 Armour
 + Level 1.3 Dodging
 + Level 3.1 Shields


You had 2 spell levels left.
You didn't know any spells.
Your spell library was empty.

Dungeon Overview and Level Annotations

Branches:
Dungeon (3/15)


Innate Abilities, Weirdness & Mutations

You have an increased reservoir of magic. (+10% MP)


Message History

It was a potion of flight.
You feel very buoyant.
You fly up into the air.
It was a potion of degeneration.
There was something very wrong with that liquid.
You feel weakened.
You feel dopey.
You feel clumsy. The orc hits you but does no damage.
It was a potion of curing.
You feel better. The orc barely misses you.
You hit the orc.
You kill the orc!
You hit the orc.
The orc is severely wounded.
The orc barely misses you.
You hit the orc.
You kill the orc!
You hit the orc priest.
The orc priest is heavily wounded.
The orc priest calls down the wrath of Beogh upon you.
Beogh smites you!
You die...

#.# #.#
#.# #.#
#.# #.#
#o# #@# #
#$# #.#.#
#.#.#
#...#
#..<#
#.....#
#.......#
#.#.....#


You could see an orc priest.

Vanquished Creatures
  3 adders (D:2)
  3 dart slugs
  3 leopard geckos
  4 orcs (D:3)
  A goblin (D:1)
  2 hobgoblins
  2 jackals (D:2)
  2 kobolds
  4 bats
  A frilled lizard (D:2)
  2 rats (D:1)
27 creatures vanquished.

Notes
Turn   | Place    | Note
-------+----------+-------------------------------------------
     0 | D:1      | Gildeon the Demigod Fighter began the quest for the Orb.
     0 | D:1      | Reached XP level 1. HP: 18/18 MP: 3/3
   461 | D:1      | Reached XP level 2. HP: 24/25 MP: 4/4
   776 | D:2      | Reached XP level 3. HP: 27/31 MP: 5/5
   783 | D:2      | Reached skill level 1 in Dodging
  1466 | D:3      | HP: 1/31 [orc priest/divine providence (17)]
  1473 | D:3      | Killed from afar by an orc priest

Vault maps used:
D:1:      dpeg_arrival_tiny_f, minivault_11
D:3:      grunt_decor_clamped, uniq_natasha, uniq_grinder, uniq_ijyb

Skill      XL: |  1  2  3 |
---------------+----------+-----
Long Blades    | 2 |  2.3
Fighting       | 3 |  3.1
Shields        | 3 |  3.1
Armour         | 3 |  3.1
Dodging        | 1 |  1.3

Action                   || total
-------------------------++-------
Melee: Long sword        ||   100
  Use: Scroll            ||     3
       Potion            ||     3
  Eat: Chunk             ||     1
Armor: Scale mail        ||    10
       Chain mail        ||    47
Dodge: Dodged            ||    33
Block: Shield            ||    64
       Rpst.: Long sword ||    18

Table legend:
 A = Non-vault XP
 B = Vault XP
 C = Vault XP percentage of total XP
 D = Non-vault monster count
 E = Vault monster count
 F = Vault count percentage of total count
                 A         B        C        D         E       F
            +---------+---------+-------+---------+---------+-------
      Total |      96 |       0 |   0.0 |      27 |       0 |   0.0
            +---------+---------+-------+---------+---------+-------
        D:1 |      18 |       0 |   0.0 |       9 |       0 |   0.0
        D:2 |      66 |       0 |   0.0 |      14 |       0 |   0.0
        D:3 |      12 |       0 |   0.0 |       4 |       0 |   0.0
            +---------+---------+-------+---------+---------+-------
